Connexion

Checkers vs Heat

Created - 18 octobre 2023 at 05:53

Goals
1 2 3 T
Checkers 4 1 1 6
Heat 1 1 0 2
Shots
1 2 3 T
Checkers 17 12 11 40
Heat 11 11 12 34

GoalsPenalties
1st period
1. Checkers , Troy Stecher 4 (Brett Sutter 13, Vinni Lettieri 13) at 2:17
2. Checkers , Andy Andreoff 14 (Riley Barber 20, Miles Wood 17) at 4:34
3. Checkers , Vinni Lettieri 14 (Brett Sutter 14, Joshua Ho-Sang 14) at 7:18
4. Checkers , Andy Andreoff 15 (Riley Barber 21, Miles Wood 18) at 16:57
5. Heat , Jacob Bryson 6 (Artur Kayumov 6, John Albert 7) at 19:49
No Penalty
2nd period
6. Checkers , Vinni Lettieri 15 (Troy Stecher 22) at 13:23
7. Heat , Egor Sokolov 7 (Tarmo Reunanen 21) at 14:44
No Penalty
3rd period
8. Checkers , Miles Wood 12 (Riley Barber 22, Andy Andreoff 15) at 13:35 (PP)
Tyce Thompson (STO) for Hooking (Minor) at 12:36
Jacob Bryson (STO) for Holding (Minor) at 14:04
Goalie Stats
Jake Kielly (CHA), 32 saves from 34 shots - (0,941), W, 14-9-4, 60:00 minutes
Matthew Galajda (STO), 13 saves from 17 shots - (0,765), L, 14-9-2, 16:57 minutes
Mason McDonald (STO), 21 saves from 23 shots - (0,913), 43:03 minutes
3 StarsOfficial
1 - Andy Andreoff (CHA)
2 - Vinni Lettieri (CHA)
3 - Miles Wood (CHA)
Referees : Brian Pochmara and Chris Rooney
Linesman : Brian Mach and Pierre Champoux
Game Note
Mason McDonald enters game at 16:57 of 1st period
Nathan Smith is injured at 13:15 of 3rd period (Right Hand)
Finance
Level 1 -- Attendance: 1741 (87,05%) -- Ticket Income 60 935 $
Level 2 -- Attendance: 925 (92,50%) -- Ticket Income 13 875 $
Total Attendance: 2666 (88,87%)
Total Ticket Income: 74 810 $
Other Income: 14 962 $
Total Income: 89 772 $



Team Name Goals Shots Shots Attemp Shots Blocked PIM HIT PP PK FO%
Checkers 64069120321 / 2 (50%)051%
Heat 2347284290 / 0 (0,00%149%

Checkers
Player Name POS G A P +/- PIM HIT SHT SB MP PP MP PP SHT PK MP PK SHT FO% FOT
Aarne TalvitieC000100005:220:0000:00060% 5
Aidan HreschukD0003011115:560:0000:0000% 0
Andy AndreoffC/LW2132056021:011:0900:00040% 25
Brett SutterC/LW0220022017:581:4900:0000% 1
Demetrios KoumontzisD0000010020:371:0900:0000% 0
Dylan PetersonC000000000:120:0000:0000% 0
Ethan EdwardsD0003021115:560:0000:0000% 0
Jackson BlakeRW0000014115:390:0000:0000% 0
Joshua Ho-SangRW0110003117:581:4900:00075% 4
Ludwig PerssonLW0000002015:390:0000:0000% 1
Max CrozierD0000040223:271:4900:0000% 0
Michael VukojevicD00000102320:371:0900:0000% 0
Miles WoodLW1232016021:011:0910:00050% 2
Petrus PalmuRW000100305:220:0000:0000% 0
Reese JohnsonC0000001015:390:0000:00072% 25
Riley BarberRW0332002021:011:0900:0000% 1
Troy StecherD1120031323:271:4900:0000% 0
Vinni LettieriC2131026023:081:4900:00040% 25
Heat
Player Name POS G A P +/- PIM HIT SHT SB MP PP MP PP SHT PK MP PK SHT FO% FOT
Aidan McDonoughLW000-2004016:420:0000:0000% 1
Artur KayumovLW/RW011101109:420:0000:4900% 0
Brett LeasonRW0000001012:060:0000:0000% 0
Brinson PasichnukD000-2020020:240:0001:2900% 0
Cole SchneiderLW/RW0000011013:220:0000:14020% 5
Egor SokolovLW/RW1011022010:080:0001:1500% 0
Greg McKeggC/LW/RW000-2020116:570:0000:15048% 21
Jacob BrysonD101-1212123:190:0000:2900% 0
Jan JenikC/RW0000030012:060:0000:00053% 17
Jesper LindgrenD0000031016:160:0001:0000% 0
John Albert C011100008:530:0000:00050% 10
Kevin GravelD0000010016:010:0000:0100% 0
Kyle CriscuoloC/RW000-2024120:110:0000:5000% 2
Mathieu JosephLW/RW000-2002221:150:0001:54067% 3
Nathan SmithC000-2046118:580:0000:39055% 29
Steven OleksyD000-1052223:280:0001:2100% 0
Tarmo ReunanenD011-2012020:310:0001:3600% 0
Tyce ThompsonRW000-2216016:410:0000:000100% 1



Play-by-Play

1st period


0:01 of 1st period - Nathan Smith wins face-off versus Vinni Lettieri in neutral zone.
0:16 of 1st period - Shot by Joshua Ho-Sang.
0:16 of 1st period - Stopped by Matthew Galajda without a rebound.
0:17 of 1st period - Greg McKegg wins face-off versus Andy Andreoff in Heat zone.
0:25 of 1st period - Aidan McDonough is hit by Michael Vukojevic and loses puck.
1:12 of 1st period - Icing by Jackson Blake.
1:13 of 1st period - Nathan Smith wins face-off versus Reese Johnson in Checkers zone.
1:16 of 1st period - Shot by Nathan Smith.
1:16 of 1st period - Shot Blocked by Ethan Edwards.
1:18 of 1st period - Shot by Nathan Smith.
1:18 of 1st period - Shot Misses the Net.
1:28 of 1st period - Shot by Jackson Blake.
1:28 of 1st period - Stopped by Matthew Galajda with a rebound.
1:59 of 1st period - Shot by Joshua Ho-Sang.
1:59 of 1st period - Shot Blocked by Kyle Criscuolo.
2:13 of 1st period - Shot by Vinni Lettieri.
2:13 of 1st period - Shot Misses the Net.
2:17 of 1st period - Shot by Troy Stecher.
2:17 of 1st period - Goal by Troy Stecher - Checkers : 1 - Heat : 0.
2:18 of 1st period - Jan Jenik wins face-off versus Andy Andreoff in neutral zone.
2:25 of 1st period - Shot by Jesper Lindgren.
2:25 of 1st period - Stopped by Jake Kielly without a rebound.
2:26 of 1st period - Andy Andreoff wins face-off versus Jan Jenik in Checkers zone.
2:26 of 1st period - Andy Andreoff is hit by Jan Jenik.
3:15 of 1st period - Kevin Gravel is hit by Troy Stecher and loses puck.
3:19 of 1st period - Icing by Troy Stecher.
3:20 of 1st period - Joshua Ho-Sang wins face-off versus John Albert in Checkers zone.
3:27 of 1st period - Shot by Vinni Lettieri.
3:27 of 1st period - Deflect By Joshua Ho-Sang.
3:27 of 1st period - Stopped by Matthew Galajda without a rebound.
3:28 of 1st period - Aarne Talvitie wins face-off versus Greg McKegg in Heat zone.
3:35 of 1st period - Shot by Vinni Lettieri.
3:35 of 1st period - Shot Blocked by Jacob Bryson.
4:06 of 1st period - Icing by Jacob Bryson.
4:07 of 1st period - Greg McKegg wins face-off versus Reese Johnson in Heat zone.
4:14 of 1st period - Shot by Tyce Thompson.
4:14 of 1st period - Stopped by Jake Kielly without a rebound.
4:15 of 1st period - Andy Andreoff wins face-off versus Nathan Smith in Checkers zone.
4:19 of 1st period - Icing by Miles Wood.
4:20 of 1st period - Andy Andreoff wins face-off versus John Albert in Checkers zone.
4:20 of 1st period - Andy Andreoff is hit by Artur Kayumov.
4:30 of 1st period - Shot by Andy Andreoff.
4:30 of 1st period - Shot Misses the Net.
4:32 of 1st period - Shot by Riley Barber.
4:32 of 1st period - Shot Misses the Net.
4:34 of 1st period - Shot by Andy Andreoff.
4:34 of 1st period - Goal by Andy Andreoff - Checkers : 2 - Heat : 0.
4:35 of 1st period - Vinni Lettieri wins face-off versus Nathan Smith in neutral zone.
4:44 of 1st period - Shot by Brett Sutter.
4:44 of 1st period - Stopped by Matthew Galajda without a rebound.
4:45 of 1st period - Reese Johnson wins face-off versus John Albert in Heat zone.
4:49 of 1st period - Icing by Tarmo Reunanen.
4:50 of 1st period - John Albert wins face-off versus Vinni Lettieri in Heat zone.
4:50 of 1st period - John Albert is hit by Brett Sutter.
5:04 of 1st period - Icing by Max Crozier.
5:05 of 1st period - Nathan Smith wins face-off versus Vinni Lettieri in Checkers zone.
5:06 of 1st period - Shot by Kyle Criscuolo.
5:06 of 1st period - Stopped by Jake Kielly without a rebound.
5:07 of 1st period - Vinni Lettieri wins face-off versus Nathan Smith in Checkers zone.
5:19 of 1st period - Icing by Jacob Bryson.
5:20 of 1st period - Reese Johnson wins face-off versus Nathan Smith in Heat zone.
5:43 of 1st period - Shot by Steven Oleksy.
5:43 of 1st period - Shot Misses the Net.
5:45 of 1st period - Shot by Jacob Bryson.
5:45 of 1st period - Stopped by Jake Kielly without a rebound.
5:46 of 1st period - Greg McKegg wins face-off versus Vinni Lettieri in Checkers zone.
5:55 of 1st period - Shot by Tyce Thompson.
5:55 of 1st period - Stopped by Jake Kielly without a rebound.
5:56 of 1st period - Andy Andreoff wins face-off versus Jan Jenik in Checkers zone.
5:56 of 1st period - Andy Andreoff is hit by Jan Jenik.
7:11 of 1st period - Joshua Ho-Sang is hit by Steven Oleksy and loses puck.
7:18 of 1st period - Shot by Vinni Lettieri.
7:18 of 1st period - Goal by Vinni Lettieri - Checkers : 3 - Heat : 0.
7:19 of 1st period - Reese Johnson wins face-off versus Greg McKegg in neutral zone.
7:47 of 1st period - Shot by Tyce Thompson.
7:47 of 1st period - Shot Blocked by Michael Vukojevic.
8:13 of 1st period - Michael Vukojevic is hit by Jesper Lindgren and loses puck.
8:32 of 1st period - Brett Sutter is hit by Egor Sokolov and loses puck.
8:43 of 1st period - Shot by Vinni Lettieri.
8:43 of 1st period - Shot Misses the Net.
8:45 of 1st period - Shot by Vinni Lettieri.
8:45 of 1st period - Shot Misses the Net.
8:47 of 1st period - Shot by Brett Sutter.
8:47 of 1st period - Shot Misses the Net.
9:34 of 1st period - Andy Andreoff is hit by Jesper Lindgren and loses puck.
10:08 of 1st period - Shot by Vinni Lettieri.
10:08 of 1st period - Stopped by Matthew Galajda with a rebound.
10:10 of 1st period - Shot by Vinni Lettieri.
10:10 of 1st period - Stopped by Matthew Galajda with a rebound.
10:12 of 1st period - Shot by Petrus Palmu.
10:12 of 1st period - Stopped by Matthew Galajda without a rebound.
10:13 of 1st period - Reese Johnson wins face-off versus Nathan Smith in Heat zone.
10:32 of 1st period - Shot by Nathan Smith.
10:32 of 1st period - Stopped by Jake Kielly without a rebound.
10:33 of 1st period - Greg McKegg wins face-off versus Brett Sutter in Checkers zone.
10:46 of 1st period - Shot by Aidan McDonough.
10:46 of 1st period - Stopped by Jake Kielly with a rebound.
10:48 of 1st period - Shot by Tyce Thompson.
10:48 of 1st period - Shot Blocked by Max Crozier.
11:00 of 1st period - Shot by Greg McKegg.
11:00 of 1st period - Shot Blocked by Troy Stecher.
11:02 of 1st period - Shot by Tarmo Reunanen.
11:02 of 1st period - Shot Blocked by Joshua Ho-Sang.
11:04 of 1st period - Shot by Tyce Thompson.
11:04 of 1st period - Shot Misses the Net.
11:06 of 1st period - Shot by Aidan McDonough.
11:06 of 1st period - Stopped by Jake Kielly without a rebound.
11:07 of 1st period - Nathan Smith wins face-off versus Andy Andreoff in Checkers zone.
11:28 of 1st period - Shot by Miles Wood.
11:28 of 1st period - Stopped by Matthew Galajda with a rebound.
11:30 of 1st period - Shot by Andy Andreoff.
11:30 of 1st period - Stopped by Matthew Galajda without a rebound.
11:31 of 1st period - Reese Johnson wins face-off versus Jan Jenik in Heat zone.
11:31 of 1st period - Reese Johnson is hit by Brinson Pasichnuk.
11:48 of 1st period - Jackson Blake is hit by Brinson Pasichnuk and loses puck.
12:04 of 1st period - Jackson Blake is hit by Tarmo Reunanen and loses puck.
12:27 of 1st period - Jacob Bryson is hit by Andy Andreoff and loses puck.
12:45 of 1st period - Kyle Criscuolo is hit by Miles Wood and loses puck.
12:52 of 1st period - Shot by Miles Wood.
12:52 of 1st period - Stopped by Matthew Galajda without a rebound.
12:53 of 1st period - Joshua Ho-Sang wins face-off versus Aidan McDonough in Heat zone.
12:58 of 1st period - Shot by Brett Sutter.
12:58 of 1st period - Shot Misses the Net.
13:00 of 1st period - Shot by Brett Sutter.
13:00 of 1st period - Shot Misses the Net.
13:02 of 1st period - Shot by Michael Vukojevic.
13:02 of 1st period - Stopped by Matthew Galajda without a rebound.
13:03 of 1st period - Aarne Talvitie wins face-off versus Greg McKegg in Heat zone.
13:23 of 1st period - Icing by Brinson Pasichnuk.
13:24 of 1st period - Reese Johnson wins face-off versus Greg McKegg in Heat zone.
13:32 of 1st period - Brinson Pasichnuk is hit by Troy Stecher.
13:34 of 1st period - Shot by Tarmo Reunanen.
13:34 of 1st period - Deflect By Aidan McDonough.
13:34 of 1st period - Shot Blocked by Troy Stecher.
13:36 of 1st period - Shot by Tyce Thompson.
13:36 of 1st period - Shot Misses the Net.
13:38 of 1st period - Shot by Tarmo Reunanen.
13:38 of 1st period - Stopped by Jake Kielly without a rebound.
13:39 of 1st period - Vinni Lettieri wins face-off versus Nathan Smith in Checkers zone.
13:39 of 1st period - Vinni Lettieri is hit by Nathan Smith.
14:51 of 1st period - Riley Barber is hit by Kevin Gravel and loses puck.
15:04 of 1st period - Shot by Andy Andreoff.
15:04 of 1st period - Stopped by Matthew Galajda without a rebound.
15:05 of 1st period - Reese Johnson wins face-off versus Jan Jenik in Heat zone.
15:10 of 1st period - Shot by Ludwig Persson.
15:10 of 1st period - Deflect By Reese Johnson.
15:10 of 1st period - Shot Misses the Net.
15:25 of 1st period - Icing by Demetrios Koumontzis.
15:26 of 1st period - John Albert wins face-off versus Reese Johnson in Checkers zone.
16:07 of 1st period - Shot by Vinni Lettieri.
16:07 of 1st period - Stopped by Matthew Galajda without a rebound.
16:08 of 1st period - Nathan Smith wins face-off versus Vinni Lettieri in Heat zone.
16:32 of 1st period - Off-side.
16:33 of 1st period - Greg McKegg wins face-off versus Andy Andreoff in neutral zone.
16:57 of 1st period - Shot by Andy Andreoff.
16:57 of 1st period - Goal by Andy Andreoff - Checkers : 4 - Heat : 0.
16:57 of 1st period - Mason McDonald enters game.
16:58 of 1st period - Nathan Smith wins face-off versus Vinni Lettieri in neutral zone.
17:21 of 1st period - Shot by Kyle Criscuolo.
17:21 of 1st period - Shot Misses the Net.
17:23 of 1st period - Shot by Mathieu Joseph.
17:23 of 1st period - Deflect By Nathan Smith.
17:23 of 1st period - Shot Blocked by Max Crozier.
17:33 of 1st period - Jacob Bryson is hit by Vinni Lettieri and loses puck.
17:51 of 1st period - Steven Oleksy is hit by Michael Vukojevic.
18:34 of 1st period - Icing by Aidan Hreschuk.
18:35 of 1st period - Reese Johnson wins face-off versus Jan Jenik in Checkers zone.
18:35 of 1st period - Reese Johnson is hit by Cole Schneider.
18:55 of 1st period - Reese Johnson is hit by Jan Jenik and loses puck.
19:34 of 1st period - Vinni Lettieri is hit by Egor Sokolov and loses puck.
19:47 of 1st period - Shot by John Albert .
19:47 of 1st period - Deflect By Artur Kayumov.
19:47 of 1st period - Stopped by Jake Kielly with a rebound.
19:49 of 1st period - Shot by Jacob Bryson.
19:49 of 1st period - Goal by Jacob Bryson - Checkers : 4 - Heat : 1.
19:50 of 1st period - Nathan Smith wins face-off versus Andy Andreoff in neutral zone.
Goals for this period are 4 for Checkers vs 1 for Heat .
Shots for this period are 17 for Checkers vs 11 for Heat .

2nd period


0:01 of 2nd period - Nathan Smith wins face-off versus Vinni Lettieri in neutral zone.
0:19 of 2nd period - Icing by Max Crozier.
0:20 of 2nd period - Vinni Lettieri wins face-off versus Greg McKegg in Checkers zone.
0:20 of 2nd period - Vinni Lettieri is hit by Greg McKegg.
0:46 of 2nd period - Aidan McDonough is hit by Max Crozier and loses puck.
1:15 of 2nd period - Shot by Nathan Smith.
1:15 of 2nd period - Shot Misses the Net.
1:19 of 2nd period - Shot by Nathan Smith.
1:19 of 2nd period - Deflect By Mathieu Joseph.
1:19 of 2nd period - Shot Misses the Net.
1:21 of 2nd period - Shot by Nathan Smith.
1:21 of 2nd period - Stopped by Jake Kielly without a rebound.
1:22 of 2nd period - Jan Jenik wins face-off versus Miles Wood in Checkers zone.
1:25 of 2nd period - Shot by Jan Jenik.
1:25 of 2nd period - Shot Blocked by Michael Vukojevic.
1:32 of 2nd period - Cole Schneider is hit by Michael Vukojevic and loses puck.
1:42 of 2nd period - Off-side.
1:43 of 2nd period - Reese Johnson wins face-off versus Nathan Smith in neutral zone.
1:43 of 2nd period - Reese Johnson is hit by Nathan Smith.
1:50 of 2nd period - Aidan Hreschuk is hit by Steven Oleksy and loses puck.
2:10 of 2nd period - Shot by Nathan Smith.
2:10 of 2nd period - Stopped by Jake Kielly without a rebound.
2:11 of 2nd period - Greg McKegg wins face-off versus Andy Andreoff in Checkers zone.
2:11 of 2nd period - Aidan McDonough is hit by Michael Vukojevic and loses puck.
2:20 of 2nd period - Shot by Tyce Thompson.
2:20 of 2nd period - Deflect By Aidan McDonough.
2:20 of 2nd period - Shot Misses the Net.
2:24 of 2nd period - Shot by Greg McKegg.
2:24 of 2nd period - Shot Misses the Net.
2:36 of 2nd period - Shot by Riley Barber.
2:36 of 2nd period - Shot Blocked by Greg McKegg.
2:45 of 2nd period - Greg McKegg is hit by Michael Vukojevic and loses puck.
3:03 of 2nd period - Aidan McDonough is hit by Demetrios Koumontzis.
3:09 of 2nd period - Greg McKegg is hit by Andy Andreoff.
3:12 of 2nd period - Tyce Thompson is hit by Andy Andreoff and loses puck.
3:28 of 2nd period - Off-side.
3:29 of 2nd period - Vinni Lettieri wins face-off versus Nathan Smith in neutral zone.
3:38 of 2nd period - Shot by Nathan Smith.
3:38 of 2nd period - Shot Misses the Net.
3:40 of 2nd period - Shot by Steven Oleksy.
3:40 of 2nd period - Stopped by Jake Kielly without a rebound.
3:41 of 2nd period - Reese Johnson wins face-off versus Jan Jenik in Checkers zone.
3:53 of 2nd period - Shot by Cole Schneider.
3:53 of 2nd period - Shot Misses the Net.
3:55 of 2nd period - Shot by Jan Jenik.
3:55 of 2nd period - Shot Misses the Net.
3:59 of 2nd period - Shot by Brett Leason.
3:59 of 2nd period - Shot Misses the Net.
4:01 of 2nd period - Shot by Kevin Gravel.
4:01 of 2nd period - Shot Misses the Net.
4:03 of 2nd period - Shot by Brett Leason.
4:03 of 2nd period - Deflect By Cole Schneider.
4:03 of 2nd period - Stopped by Jake Kielly with a rebound.
4:50 of 2nd period - Max Crozier is hit by Jacob Bryson and loses puck.
4:54 of 2nd period - Vinni Lettieri is hit by Steven Oleksy and loses puck.
5:12 of 2nd period - Shot by Joshua Ho-Sang.
5:12 of 2nd period - Stopped by Mason McDonald with a rebound.
5:38 of 2nd period - Riley Barber is hit by Kyle Criscuolo and loses puck.
5:55 of 2nd period - Icing by Brinson Pasichnuk.
5:56 of 2nd period - John Albert wins face-off versus Vinni Lettieri in Heat zone.
6:32 of 2nd period - Tarmo Reunanen is hit by Vinni Lettieri and loses puck.
7:05 of 2nd period - Shot by Andy Andreoff.
7:05 of 2nd period - Deflect By Miles Wood.
7:05 of 2nd period - Stopped by Mason McDonald without a rebound.
7:06 of 2nd period - Jan Jenik wins face-off versus Reese Johnson in Heat zone.
7:44 of 2nd period - Icing by Jan Jenik.
7:45 of 2nd period - Jan Jenik wins face-off versus Andy Andreoff in Heat zone.
7:45 of 2nd period - Jan Jenik is hit by Andy Andreoff.
8:08 of 2nd period - Icing by Michael Vukojevic.
8:09 of 2nd period - Nathan Smith wins face-off versus Riley Barber in Checkers zone.
8:40 of 2nd period - Icing by Nathan Smith.
8:41 of 2nd period - Nathan Smith wins face-off versus Vinni Lettieri in Heat zone.
8:50 of 2nd period - Shot by Nathan Smith.
8:50 of 2nd period - Shot Misses the Net.
8:52 of 2nd period - Shot by Kyle Criscuolo.
8:52 of 2nd period - Stopped by Jake Kielly without a rebound.
8:53 of 2nd period - Reese Johnson wins face-off versus Greg McKegg in Checkers zone.
9:00 of 2nd period - Icing by Jackson Blake.
9:01 of 2nd period - Reese Johnson wins face-off versus Greg McKegg in Checkers zone.
9:08 of 2nd period - Shot by Ludwig Persson.
9:08 of 2nd period - Shot Misses the Net.
9:34 of 2nd period - Shot by Tyce Thompson.
9:34 of 2nd period - Stopped by Jake Kielly with a rebound.
9:55 of 2nd period - Off-side.
9:56 of 2nd period - Nathan Smith wins face-off versus Andy Andreoff in neutral zone.
10:01 of 2nd period - Shot by Mathieu Joseph.
10:01 of 2nd period - Deflect By Kyle Criscuolo.
10:01 of 2nd period - Stopped by Jake Kielly without a rebound.
10:02 of 2nd period - Joshua Ho-Sang wins face-off versus Nathan Smith in Checkers zone.
10:14 of 2nd period - Shot by Nathan Smith.
10:14 of 2nd period - Stopped by Jake Kielly without a rebound.
10:15 of 2nd period - Andy Andreoff wins face-off versus Cole Schneider in Checkers zone.
10:45 of 2nd period - Icing by Jesper Lindgren.
10:46 of 2nd period - Vinni Lettieri wins face-off versus Jan Jenik in Heat zone.
11:49 of 2nd period - Shot by Ludwig Persson.
11:49 of 2nd period - Stopped by Mason McDonald with a rebound.
11:55 of 2nd period - Shot by Jackson Blake.
11:55 of 2nd period - Shot Misses the Net.
12:28 of 2nd period - Shot by Riley Barber.
12:28 of 2nd period - Stopped by Mason McDonald with a rebound.
12:33 of 2nd period - Mathieu Joseph is hit by Michael Vukojevic.
12:38 of 2nd period - Icing by Miles Wood.
12:39 of 2nd period - Andy Andreoff wins face-off versus Greg McKegg in Checkers zone.
12:39 of 2nd period - Andy Andreoff is hit by Greg McKegg.
12:50 of 2nd period - Miles Wood is hit by Tyce Thompson and loses puck.
12:55 of 2nd period - Shot by Miles Wood.
12:55 of 2nd period - Stopped by Mason McDonald with a rebound.
13:23 of 2nd period - Shot by Vinni Lettieri.
13:23 of 2nd period - Goal by Vinni Lettieri - Checkers : 5 - Heat : 1.
13:24 of 2nd period - Reese Johnson wins face-off versus Jan Jenik in neutral zone.
13:43 of 2nd period - Shot by Ludwig Persson.
13:43 of 2nd period - Stopped by Mason McDonald with a rebound.
13:45 of 2nd period - Shot by Jackson Blake.
13:45 of 2nd period - Stopped by Mason McDonald with a rebound.
13:52 of 2nd period - Icing by Brett Leason.
13:53 of 2nd period - Jan Jenik wins face-off versus Vinni Lettieri in Heat zone.
14:42 of 2nd period - Shot by Egor Sokolov.
14:42 of 2nd period - Shot Misses the Net.
14:44 of 2nd period - Shot by Egor Sokolov.
14:44 of 2nd period - Goal by Egor Sokolov - Checkers : 5 - Heat : 2.
14:45 of 2nd period - Andy Andreoff wins face-off versus Nathan Smith in neutral zone.
14:50 of 2nd period - Shot by Andy Andreoff.
14:50 of 2nd period - Deflect By Riley Barber.
14:50 of 2nd period - Stopped by Mason McDonald without a rebound.
14:51 of 2nd period - Nathan Smith wins face-off versus Andy Andreoff in Heat zone.
15:05 of 2nd period - Nathan Smith is hit by Michael Vukojevic and loses puck.
15:31 of 2nd period - Shot by Steven Oleksy.
15:31 of 2nd period - Shot Blocked by Michael Vukojevic.
16:07 of 2nd period - Shot by Tyce Thompson.
16:07 of 2nd period - Deflect By Aidan McDonough.
16:07 of 2nd period - Shot Misses the Net.
16:09 of 2nd period - Shot by Tyce Thompson.
16:09 of 2nd period - Deflect By Aidan McDonough.
16:09 of 2nd period - Shot Misses the Net.
16:11 of 2nd period - Shot by Aidan McDonough.
16:11 of 2nd period - Deflect By Tyce Thompson.
16:11 of 2nd period - Shot Blocked by Aidan Hreschuk.
16:44 of 2nd period - Icing by Ethan Edwards.
16:45 of 2nd period - Reese Johnson wins face-off versus John Albert in Checkers zone.
17:03 of 2nd period - Egor Sokolov is hit by Max Crozier and loses puck.
17:25 of 2nd period - Troy Stecher is hit by Jesper Lindgren and loses puck.
18:01 of 2nd period - Shot by Nathan Smith.
18:01 of 2nd period - Stopped by Jake Kielly without a rebound.
18:02 of 2nd period - Aarne Talvitie wins face-off versus Greg McKegg in Checkers zone.
18:09 of 2nd period - Shot by Petrus Palmu.
18:09 of 2nd period - Stopped by Mason McDonald with a rebound.
18:25 of 2nd period - Shot by Aarne Talvitie.
18:25 of 2nd period - Deflect By Vinni Lettieri.
18:25 of 2nd period - Stopped by Mason McDonald with a rebound.
18:27 of 2nd period - Shot by Petrus Palmu.
18:27 of 2nd period - Shot Misses the Net.
18:29 of 2nd period - Shot by Petrus Palmu.
18:29 of 2nd period - Stopped by Mason McDonald without a rebound.
18:30 of 2nd period - Andy Andreoff wins face-off versus Nathan Smith in Heat zone.
18:48 of 2nd period - Nathan Smith is hit by Michael Vukojevic and loses puck.
19:05 of 2nd period - Andy Andreoff is hit by Nathan Smith and loses puck.
19:40 of 2nd period - Shot by Tyce Thompson.
19:40 of 2nd period - Stopped by Jake Kielly without a rebound.
19:41 of 2nd period - Jan Jenik wins face-off versus Reese Johnson in Checkers zone.
Goals for this period are 1 for Checkers vs 1 for Heat .
Shots for this period are 12 for Checkers vs 11 for Heat .

3rd period


0:01 of 3rd period - Nathan Smith wins face-off versus Joshua Ho-Sang in neutral zone.
0:16 of 3rd period - Shot by Mathieu Joseph.
0:16 of 3rd period - Stopped by Jake Kielly without a rebound.
0:17 of 3rd period - Greg McKegg wins face-off versus Andy Andreoff in Checkers zone.
0:17 of 3rd period - Greg McKegg is hit by Michael Vukojevic.
0:45 of 3rd period - Shot by Michael Vukojevic.
0:45 of 3rd period - Stopped by Mason McDonald without a rebound.
0:46 of 3rd period - Nathan Smith wins face-off versus Vinni Lettieri in Heat zone.
0:51 of 3rd period - Steven Oleksy is hit by Max Crozier and loses puck.
1:08 of 3rd period - Shot by Kyle Criscuolo.
1:08 of 3rd period - Shot Misses the Net.
1:10 of 3rd period - Shot by Kyle Criscuolo.
1:10 of 3rd period - Shot Blocked by Troy Stecher.
1:16 of 3rd period - Shot by Mathieu Joseph.
1:16 of 3rd period - Shot Misses the Net.
1:18 of 3rd period - Shot by Steven Oleksy.
1:18 of 3rd period - Stopped by Jake Kielly without a rebound.
1:19 of 3rd period - Greg McKegg wins face-off versus Andy Andreoff in Checkers zone.
1:19 of 3rd period - Greg McKegg is hit by Ethan Edwards.
1:25 of 3rd period - Shot by Aidan McDonough.
1:25 of 3rd period - Stopped by Jake Kielly without a rebound.
1:26 of 3rd period - Andy Andreoff wins face-off versus Greg McKegg in Checkers zone.
2:15 of 3rd period - Shot by Kyle Criscuolo.
2:15 of 3rd period - Shot Misses the Net.
2:17 of 3rd period - Shot by Kyle Criscuolo.
2:17 of 3rd period - Stopped by Jake Kielly without a rebound.
2:18 of 3rd period - Vinni Lettieri wins face-off versus Nathan Smith in Checkers zone.
2:18 of 3rd period - Troy Stecher is hit by Kyle Criscuolo.
2:25 of 3rd period - Icing by Jacob Bryson.
2:26 of 3rd period - Vinni Lettieri wins face-off versus Kyle Criscuolo in Heat zone.
2:26 of 3rd period - Brett Sutter is hit by Steven Oleksy and loses puck.
2:45 of 3rd period - Vinni Lettieri is hit by Nathan Smith and loses puck.
3:27 of 3rd period - Shot by Tarmo Reunanen.
3:27 of 3rd period - Stopped by Jake Kielly without a rebound.
3:28 of 3rd period - Greg McKegg wins face-off versus Andy Andreoff in Checkers zone.
3:28 of 3rd period - Greg McKegg is hit by Ethan Edwards.
3:43 of 3rd period - Tarmo Reunanen is hit by Aidan Hreschuk and loses puck.
3:50 of 3rd period - Shot by Aidan McDonough.
3:50 of 3rd period - Stopped by Jake Kielly without a rebound.
3:51 of 3rd period - Jan Jenik wins face-off versus Ludwig Persson in Checkers zone.
4:14 of 3rd period - Cole Schneider is hit by Michael Vukojevic and loses puck.
5:49 of 3rd period - Shot by Aidan McDonough.
5:49 of 3rd period - Deflect By Tyce Thompson.
5:49 of 3rd period - Stopped by Jake Kielly with a rebound.
6:25 of 3rd period - Icing by Vinni Lettieri.
6:26 of 3rd period - John Albert wins face-off versus Aarne Talvitie in Checkers zone.
6:38 of 3rd period - Off-side.
6:39 of 3rd period - Cole Schneider wins face-off versus Andy Andreoff in neutral zone.
6:44 of 3rd period - Shot by Jan Jenik.
6:44 of 3rd period - Shot Misses the Net.
6:46 of 3rd period - Shot by Brett Leason.
6:46 of 3rd period - Shot Misses the Net.
6:48 of 3rd period - Shot by Brett Leason.
6:48 of 3rd period - Stopped by Jake Kielly without a rebound.
6:49 of 3rd period - Nathan Smith wins face-off versus Reese Johnson in Checkers zone.
7:13 of 3rd period - Shot by Nathan Smith.
7:13 of 3rd period - Stopped by Jake Kielly without a rebound.
7:14 of 3rd period - Tyce Thompson wins face-off versus Andy Andreoff in Checkers zone.
7:29 of 3rd period - Greg McKegg is hit by Andy Andreoff and loses puck.
7:44 of 3rd period - Shot by Andy Andreoff.
7:44 of 3rd period - Stopped by Mason McDonald with a rebound.
8:16 of 3rd period - Shot by Nathan Smith.
8:16 of 3rd period - Shot Misses the Net.
8:28 of 3rd period - Shot by Jackson Blake.
8:28 of 3rd period - Shot Blocked by Mathieu Joseph.
8:30 of 3rd period - Shot by Reese Johnson.
8:30 of 3rd period - Shot Misses the Net.
8:32 of 3rd period - Shot by Jackson Blake.
8:32 of 3rd period - Stopped by Mason McDonald without a rebound.
8:33 of 3rd period - Jan Jenik wins face-off versus Vinni Lettieri in Heat zone.
9:34 of 3rd period - Shot by Miles Wood.
9:34 of 3rd period - Deflect By Andy Andreoff.
9:34 of 3rd period - Stopped by Mason McDonald with a rebound.
11:01 of 3rd period - Off-side.
11:02 of 3rd period - John Albert wins face-off versus Vinni Lettieri in neutral zone.
11:10 of 3rd period - Icing by Troy Stecher.
11:11 of 3rd period - Jan Jenik wins face-off versus Vinni Lettieri in Checkers zone.
11:11 of 3rd period - Jesper Lindgren is hit by Troy Stecher.
11:17 of 3rd period - Brett Leason is hit by Brett Sutter and loses puck.
12:00 of 3rd period - Shot by Reese Johnson.
12:00 of 3rd period - Stopped by Mason McDonald without a rebound.
12:01 of 3rd period - Reese Johnson wins face-off versus Kyle Criscuolo in Heat zone.
12:02 of 3rd period - Shot by Jackson Blake.
12:02 of 3rd period - Shot Blocked by Steven Oleksy.
12:04 of 3rd period - Shot by Ludwig Persson.
12:04 of 3rd period - Deflect By Jackson Blake.
12:04 of 3rd period - Stopped by Mason McDonald with a rebound.
12:06 of 3rd period - Shot by Aidan Hreschuk.
12:06 of 3rd period - Stopped by Mason McDonald with a rebound.
12:08 of 3rd period - Shot by Ethan Edwards.
12:08 of 3rd period - Stopped by Mason McDonald without a rebound.
12:09 of 3rd period - Reese Johnson wins face-off versus Nathan Smith in Heat zone.
12:15 of 3rd period - Icing by Steven Oleksy.
12:16 of 3rd period - Nathan Smith wins face-off versus Reese Johnson in Heat zone.
12:27 of 3rd period - Shot by Mathieu Joseph.
12:27 of 3rd period - Stopped by Jake Kielly without a rebound.
12:28 of 3rd period - Greg McKegg wins face-off versus Aarne Talvitie in Checkers zone.
12:36 of 3rd period - Minor Penalty to Tyce Thompson for Hooking.
12:37 of 3rd period - Vinni Lettieri wins face-off versus Mathieu Joseph in Heat zone.
12:59 of 3rd period - Shot by Max Crozier.
12:59 of 3rd period - Shot Misses the Net.
13:15 of 3rd period - Shot by Troy Stecher.
13:15 of 3rd period - Shot Blocked by Nathan Smith.
13:15 of 3rd period - Nathan Smith from Heat is injured at 13:15 of 3rd period (Right Hand).
13:16 of 3rd period - Mathieu Joseph wins face-off versus Andy Andreoff in Heat zone.
13:33 of 3rd period - Shot by Riley Barber.
13:33 of 3rd period - Shot Misses the Net.
13:35 of 3rd period - Shot by Miles Wood.
13:35 of 3rd period - Goal by Miles Wood - Checkers : 6 - Heat : 2.
13:36 of 3rd period - Reese Johnson wins face-off versus Greg McKegg in neutral zone.
14:04 of 3rd period - Minor Penalty to Jacob Bryson for Holding.
14:05 of 3rd period - Mathieu Joseph wins face-off versus Vinni Lettieri in Heat zone.
14:33 of 3rd period - Shot by Joshua Ho-Sang.
14:33 of 3rd period - Shot Blocked by Steven Oleksy.
14:35 of 3rd period - Shot by Troy Stecher.
14:35 of 3rd period - Shot Misses the Net.
14:43 of 3rd period - Shot by Brett Sutter.
14:43 of 3rd period - Shot Hit the Post.
14:45 of 3rd period - Shot by Joshua Ho-Sang.
14:45 of 3rd period - Shot Misses the Net.
15:01 of 3rd period - Shot by Michael Vukojevic.
15:01 of 3rd period - Shot Misses the Net.
16:37 of 3rd period - Shot by Brett Leason.
16:37 of 3rd period - Shot Blocked by Jackson Blake.
16:53 of 3rd period - Tyce Thompson is hit by Jackson Blake and loses puck.
17:03 of 3rd period - Shot by Aidan McDonough.
17:03 of 3rd period - Shot Misses the Net.
17:05 of 3rd period - Shot by Tyce Thompson.
17:05 of 3rd period - Stopped by Jake Kielly without a rebound.
17:06 of 3rd period - Andy Andreoff wins face-off versus John Albert in Checkers zone.
17:14 of 3rd period - Michael Vukojevic is hit by Steven Oleksy and loses puck.
17:32 of 3rd period - Shot by Egor Sokolov.
17:32 of 3rd period - Stopped by Jake Kielly with a rebound.
17:51 of 3rd period - Steven Oleksy is hit by Max Crozier and loses puck.
18:14 of 3rd period - Shot by Vinni Lettieri.
18:14 of 3rd period - Deflect By Aarne Talvitie.
18:14 of 3rd period - Shot Misses the Net.
18:38 of 3rd period - Shot by Joshua Ho-Sang.
18:38 of 3rd period - Shot Misses the Net.
18:40 of 3rd period - Shot by Brett Sutter.
18:40 of 3rd period - Stopped by Mason McDonald without a rebound.
18:41 of 3rd period - Miles Wood wins face-off versus Cole Schneider in Heat zone.
18:42 of 3rd period - Shot by Riley Barber.
18:42 of 3rd period - Shot Blocked by Mathieu Joseph.
18:48 of 3rd period - Shot by Miles Wood.
18:48 of 3rd period - Stopped by Mason McDonald without a rebound.
18:49 of 3rd period - Reese Johnson wins face-off versus Cole Schneider in Heat zone.
19:12 of 3rd period - Shot by Tarmo Reunanen.
19:12 of 3rd period - Shot Misses the Net.
19:24 of 3rd period - Icing by Mathieu Joseph.
19:25 of 3rd period - Vinni Lettieri wins face-off versus Cole Schneider in Heat zone.
Goals for this period are 1 for Checkers vs 0 for Heat .
Shots for this period are 11 for Checkers vs 12 for Heat .